AoeStats
← kreegz

Four Lakes

509367309Analyzed
1v1 RM · 5d ago on Sep 26, 2026· 50m 4s· 2 players
Game mode
Random Map
Map size
Tiny (2 player)
Population
200
Speed
Normal
Resources
Standard
Victory
Conquest
Starting age
Dark Age
Ending age
Imperial Age
RankedLock teamsTeams togetherTeam positionsShared explorationLock speedFull tech treeHidden civsTurbo modeCheats
Victory
Defeat
🇺🇸 Celts · United States
1058
+16
🇺🇸 Maya · United States
1052
-16
Maerlin_the_Mighty325
0:28 Loom
12:41 Feudal Age
13:12 Man-at-Arms
15:05 Town Watch
18:54 Castle Age
16:48 Fletching
16:59 Padded Archer Armor
19:08 Crossbowman
19:53 Bodkin Arrow
20:15 Leather Archer Armor
19:57 Double-Bit Axe
21:59 Elite Skirmisher
23:34 Bow Saw
23:16 Fishing Lines
26:21 Wheelbarrow
27:53 Squires
27:14 Eagle Warrior
28:27 Gillnets
30:15 Scale Mail Armor
33:39 Chain Mail Armor
33:36 Forging
33:18 Horse Collar
36:32 Iron Casting
37:15 Thumb Ring
37:46 Long Swordsman
40:16 Hand Cart
51:56 Imperial Age
50:29 Ballistics
50:20 Masonry
kreegz
10:20 Feudal Age
8:37 Loom
11:04 Double-Bit Axe
12:32 Horse Collar
17:51 Fletching
21:47 Castle Age
22:18 Elite Skirmisher
23:30 Bow Saw
23:22 Heavy Plow
23:59 Man-at-Arms
26:44 Bodkin Arrow
29:19 Wheelbarrow
29:06 Ballistics
29:31 Town Watch
29:45 Long Swordsman
31:04 Padded Archer Armor
32:17 Scale Mail Armor
34:15 Hand Cart
37:06 Imperial Age
38:29 Two-Handed Swordsman
39:48 Chain Mail Armor
39:46 Forging
40:13 Conscription
41:24 Plate Mail Armor
44:14 Leather Archer Armor
44:34 Iron Casting
44:46 Stronghold
44:46 Champion
47:36 Capped Ram
49:49 Blast Furnace
Connection lost

Rejoining the realm…

Still unreachable

The connection could not be restored.

Session expired

The server has moved on; the page needs a fresh start.